 Dungeon Crawl Stone Soup version 0.21-a0-156-g77413b7 (webtiles) character file.

178 HitlerSphincter the Shield-Bearer (level 5, 0/42 HPs)
             Began as a Formicid Fighter on Aug 3, 2017.
             Slain by an iguana (3 damage)
             ... on level 4 of the Dungeon.
             The game lasted 00:02:51 (2634 turns).

HitlerSphincter the Shield-Bearer (FoFi)            Turns: 2634, Time: 00:02:52

Health: 0/42       AC:  7    Str: 27    XL:     5   Next: 89%
Magic:  5/5        EV:  8    Int:  7    God:
Gold:   152        SH: 11    Dex: 10    Spells: 4/4 levels left

rFire    . . .     SeeInvis +   a - +0 war axe
rCold    . . .     Gourm    .   c - +1 shield
rNeg     + . .     Faith    .   b - +0 scale mail
rPois    .         Spirit   .   (helmet unavailable)
rElec    .         Reflect  .   (no cloak)
rCorr    .         Harm     .   (no gloves)
MR       .....                  (no boots)
Stlth    ..........             (no amulet)
HPRegen  0.14/turn              t - ring of positive energy
MPRegen  0.09/turn              (no ring)

@: mighty
A: permanent stasis, dig shafts and tunnels, four strong arms, antennae 3
a: Dig, Shaft Self


You were on level 4 of the Dungeon.
You were not hungry.

You visited 1 branch of the dungeon, and saw 4 of its levels.

You collected 152 gold pieces.

Inventory:

Hand Weapons
 a - a +0 war axe (weapon)
Armour
 b - a +0 scale mail (worn)
 c - a +1 shield (worn)
Jewellery
 t - a ring of positive energy (left hand)
Scrolls
 e - 7 scrolls of identify
 h - 2 scrolls of recharging
 p - 2 scrolls of enchant armour
Potions
 i - a potion of ambrosia {unknown}
 m - a potion of degeneration {unknown}
 q - a potion of haste {unknown}
 r - a potion of berserk rage {unknown}
Comestibles
 f - a bread ration
 l - a meat ration
 o - 2 fruits


   Skills:
 + Level 4.1 Fighting
 + Level 3.9 Axes
 + Level 4.1 Armour
 + Level 0.8 Dodging
 - Level 4.2 Shields


You had 4 spell levels left.
You didn't know any spells.

Dungeon Overview and Level Annotations

Branches:
Dungeon (4/15)
 Temple: D:4-7

Altars:
Makhleb


Innate Abilities, Weirdness & Mutations

You cannot be hasted, slowed, berserked, paralysed or teleported.
You can dig through walls and to a lower floor.
Your four strong arms can wield two-handed weapons with a shield.
You have a pair of large antennae on your head. (SInv)


Message History

The scorpion barely misses you. The iguana bites you.
You block the iguana's attack. The scorpion barely misses you.
You block the iguana's attack. The iguana bites you!
* * * LOW HITPOINT WARNING * * *
It was a potion of curing.
You feel better. The scorpion barely misses you. The iguana bites you.
The iguana bites you but does no damage.
You feel better.
The scorpion stings you but does no damage.
The iguana bites you!
* * * LOW HITPOINT WARNING * * *
The iguana bites you!
* * * LOW HITPOINT WARNING * * *
You feel better. The scorpion barely misses you. The iguana bites you!
* * * LOW HITPOINT WARNING * * *
The iguana closely misses you.
It was a potion of magic.
Magic courses through your body. The scorpion closely misses you.
You block the iguana's attack. The iguana bites you.
You die...

...#.........#.
.?....?.........
#..#.........#..
...............
#............
###......>.>.##.
#......ls....#..
#..l@........
#####........
#..........
#...........
#...........
#...........
#..........#
##........##
#..........#


You could see a scorpion and 2 iguanas.

Vanquished Creatures
  A bullfrog skeleton (D:4)
  3 worker ants
  3 adders
  A leopard gecko (D:1)
  8 bats
  5 giant cockroaches
  8 goblins
  5 hobgoblins
  4 jackals (D:2)
  2 ball pythons (D:2)
  2 frilled lizards (D:3)
  8 kobolds
  5 rats
55 creatures vanquished.

Notes
Turn   | Place    | Note
-------+----------+-------------------------------------------
     0 | D:1      | HitlerSphincter the Formicid Fighter began the quest for the Orb.
     0 | D:1      | Reached XP level 1. HP: 18/18 MP: 1/1
   194 | D:1      | Reached XP level 2. HP: 24/24 MP: 2/2
   613 | D:1      | Reached XP level 3. HP: 29/29 MP: 3/3
   811 | D:2      | Reached XP level 4. HP: 35/37 MP: 4/4
  1530 | D:3      | Found a burning altar of Makhleb.
  1883 | D:3      | Reached XP level 5. HP: 35/42 MP: 5/5
  2632 | D:4      | HP: 2/42 [iguana (10)]
  2634 | D:4      | Slain by an iguana

Vault maps used:
D:1:      minmay_arrival_arboretum_large, hangedman_decor_push, st_stairs_13
D:3:      bloody_makhleb
D:4:      dancing_weapons_uskayaw, kennysheep_vampire_church,
          kennysheep_little_box

Skill      XL: |  1  2  3  4  5 |
---------------+----------------+-----
Shields        | 4 |  4.2
Axes           | 3 |  3.9
Fighting       | 4 |  4.1
Armour         | 4 |  4.1
Dodging        | |  0.8

Action                   |  1- 3 |  4- 6 || total
-------------------------+-------+-------++-------
Melee: War axe           |    85 |   115 ||   200
  Use: Scroll            |       |     8 ||     8
       Potion            |       |     5 ||     5
  Eat: Bread ration      |       |     2 ||     2
Armor: Scale mail        |    34 |    48 ||    82
Dodge: Dodged            |    26 |    35 ||    61
Block: Shield            |    48 |    74 ||   122
